Map: Oblivion Express

Players

NamroodTuo

  • Race: Terran Terran
  • Spawn Location: 0:00

DecenniuM

  • Race: Zerg Zerg

VOD

Have the link to the VOD?

Description

Time

  • Played on: Jan. 28, 2023, 8:51 a.m.
  • Length: 24:32
Show
View Real Time Build Order
Export as new Build Order

NamroodTuo Terran 

Build Orders:  

Get SALT Encoding   

  12  0:04  SCV  
  13  0:17  SCV  
  14  0:31  SCV  
  15  0:42  Supply Depot  
  15  1:00  SCV  
  15  1:03  Factory  
  16  1:14  SCV  
  17  1:28  SCV  
  18  1:41  SCV  
  19  1:55  SCV  
  20  2:08  SCV  
  21  2:12  Devastation Turret  
  21  2:22  SCV  
  21  2:24  Devastation Turret  
  22  2:35  SCV  
  22  2:37  Devastation Turret  
  23  2:45  Refinery  
  23  2:53  Supply Depot  
  23  3:07  SCV, Perdition Turret  
  24  3:18  Devastation Turret  
  24  3:28  SCV  
  25  3:35  Refinery  
  25  3:42  SCV  
  26  3:56  SCV  
  27  4:02  Devastation Turret  
  27  4:15  Perdition Turret  
  27  4:22  Perdition Turret  
  27  4:27  Devastation Turret  
  27  4:29  Perdition Turret  
  27  5:06  Devastation Turret  
  27  5:20  Devastation Turret  
  27  5:22  Devastation Turret  
  27  5:36  Perdition Turret  
  27  5:39  Perdition Turret  
  27  5:40  SCV  
  28  5:55  Supply Depot  
  28  6:00  Devastation Turret  
  28  6:06  Perdition Turret  
  28  6:12  Perdition Turret  
  28  6:28  Devastation Turret  
  28  6:30  Perdition Turret  
  28  6:31  Perdition Turret x2  
  28  6:47  SCV  
  29  7:00  SCV  
  30  7:14  SCV  
  31  7:24  Engineering Bay  
  31  7:25  Perdition Turret  
  31  7:27  SCV  
  32  7:41  SCV  
  32  7:43  Devastation Turret  
  33  7:54  SCV  
  34  8:03  Devastation Turret  
  34  8:16  Perdition Turret  
  34  8:18  Devastation Turret  
  34  8:37  Devastation Turret  
  34  9:02  Devastation Turret  
  34  9:15  Devastation Turret  
  34  9:18  Devastation Turret  
  34  9:28  Devastation Turret  
  34  10:07  SCV  
  35  10:21  SCV, Armory  
  36  10:34  SCV  
  36  10:38  Spinning Dizzy  
  37  10:41  Spinning Dizzy  
  37  10:47  Spinning Dizzy  
  37  10:48  SCV  
  38  10:55  Spinning Dizzy  
  38  11:02  SCV  
  38  11:03  Spinning Dizzy  
  38  11:08  Devastation Turret  
  39  11:23  Devastation Turret  
  39  11:27  Supply Depot  
  39  11:39  Fire-Suppression Systems  
  39  11:42  SCV  
  39  11:45  Supply Depot  
  40  11:53  Devastation Turret  
  40  12:03  Perdition Turret  
  40  12:06  Perdition Turret  
  40  12:10  Perdition Turret  
  40  12:14  Devastation Turret  
  40  12:23  Devastation Turret  
  40  12:44  Devastation Turret  
  40  12:54  Perdition Turret  
  40  13:02  Perdition Turret  
  40  13:04  SCV  
  41  13:18  SCV, Perdition Turret  
  42  13:20  Perdition Turret  
  42  13:28  Perdition Turret x2  
  42  13:31  SCV, Supply Depot  
  43  13:45  SCV, Regenerative Bio-Steel  
  44  13:54  Supply Depot  
  44  13:57  Supply Depot  
  44  14:25  Supply Depot  
  44  14:29  Spinning Dizzy  
  44  14:32  Spinning Dizzy  
  44  14:43  Devastation Turret  
  44  14:48  Command Center  
  44  15:01  Upgrade Laser Drill Level 1  
  44  15:06  Perdition Turret  
  44  15:20  Advanced Optics  
  44  15:26  KMC Auto-Loaders, Perdition Turret  
  44  15:34  Perdition Turret  
  43  15:41  Perdition Turret  
  43  15:49  Perdition Turret  
  43  15:55  SCV  
  43  15:56  Perdition Turret  
  44  16:07  Devastation Turret  
  44  16:09  SCV  
  45  16:22  SCV  
  46  16:31  Devastation Turret  
  46  16:36  SCV  
  47  16:49  SCV  
  47  16:53  Spinning Dizzy  
  48  17:03  SCV  
  48  17:06  Perdition Turret  
  49  17:11  Hi-Sec Auto Tracking  
  49  17:17  SCV  
  50  17:21  Supply Depot  
  50  17:23  Supply Depot  
  50  17:30  SCV  
  51  17:44  SCV  
  52  17:54  Refinery, Supply Depot  
  52  17:55  Supply Depot  
  52  17:56  Refinery  
  52  18:00  Devastation Turret  
  52  18:11  Structure Armor  
  52  18:25  Perdition Turret x2  
  52  18:27  Supply Depot  
  52  18:30  Devastation Turret  
  52  18:40  Devastation Turret  
  52  18:58  Spinning Dizzy  
  52  18:59  Spinning Dizzy  
  52  19:02  Devastation Turret  
  52  19:03  Upgrade Laser Drill Level 2  
  52  19:16  Perdition Turret x2  
  50  19:32  Spinning Dizzy  
  48  19:48  Perdition Turret  
  48  20:01  Perdition Turret x2  
  48  20:02  Perdition Turret  
  48  20:09  Devastation Turret  
  48  20:25  Devastation Turret  
  48  20:41  Devastation Turret  
  48  20:42  Devastation Turret  
  48  21:00  Devastation Turret  
  48  21:07  Perdition Turret  
  48  21:08  Devastation Turret  
  48  21:09  Perdition Turret  
  48  21:11  Perdition Turret  
  48  21:20  SCV  
  48  21:22  Perdition Turret  
  49  21:32  Spinning Dizzy  
  49  21:34  SCV  
  50  21:43  Perdition Turret  
  50  21:47  SCV  
  51  21:51  Perdition Turret  
  51  21:54  Perdition Turret  
  51  22:01  SCV  
  52  22:10  Devastation Turret  
  52  22:21  Spinning Dizzy x2  
  52  22:24  Perdition Turret  
  52  22:28  Perdition Turret x2  
  52  22:29  Devastation Turret  
  52  22:39  Perdition Turret  
  52  22:43  Spinning Dizzy  
  52  22:45  Perdition Turret x2  
  52  22:52  Spinning Dizzy  
  52  22:55  Perdition Turret  
  52  22:56  Perdition Turret  
  52  23:06  Perdition Turret  
  52  23:08  Perdition Turret  
  52  23:14  Perdition Turret  
Show
View Real Time Build Order
Export as new Build Order

DecenniuM Zerg 

Build Orders:  

Get SALT Encoding   

  12  0:03  Infested SCV  
  13  0:22  Overlord  
  13  0:25  Infested Colonist Compound  
  13  0:38  Infested SCV x2  
  15  0:48  Infested SCV  
  16  0:51  Infested SCV  
  17  1:04  Infested Barracks  
  17  1:17  Infested SCV  
  18  1:22  Infested SCV  
  19  1:37  Infested SCV  
  20  2:10  Infested SCV  
  20  2:11  Infested SCV  
  22  2:27  Overlord  
  22  2:43  Overlord  
  22  2:57  Infested Marine  
  22  2:58  Infested Marine x6  
  22  2:59  Infested Marine x2  
  31  3:43  Infested Barracks  
  31  4:31  Infested Command Center  
  31  4:34  Infested Marine  
  31  4:35  Infested Marine x14  
  31  4:36  Infested Marine x2  
  39  4:41  Overlord  
  39  4:42  Overlord x4  
  39  5:09  Infested Refinery  
  39  5:36  Infested Refinery  
  39  5:38  Infested SCV  
  39  5:39  Infested SCV x2  
  42  6:01  Infested Engineering Bay  
  42  6:02  Infested Engineering Bay  
  41  6:19  Infested Marine  
  26  6:20  Infested Marine x11  
  26  6:21  Infested Marine x8  
  45  6:42  Infested SCV  
  45  6:43  Infested SCV x3  
  49  6:51  Overlord  
  49  6:52  Overlord x4  
  49  7:01  Stukov Infantry Weapons Level 1  
  49  7:19  Stukov Infantry Armor Level 1  
  49  7:41  Infested Barracks  
  49  7:43  Infested Barracks  
  49  7:45  Overlord x3  
  49  7:56  Infested SCV x3  
  49  7:57  Infested SCV x2  
  34  8:29  Infested Factory  
  34  8:38  Infested Barracks Tech Lab x2  
  34  9:08  Infested SCV x3  
  34  9:09  Infested SCV x6  
  43  9:15  Infested Marine  
  43  9:16  Infested Marine x19  
  43  9:17  Infested Marine x18  
  43  9:18  Infested Marine  
  82  9:35  Infested Armory  
  81  9:57  Infested Marine  
  81  9:58  Infested Marine x10  
  81  9:59  Infested Marine x18  
  110  10:16  Stukov Infantry Weapons Level 2, Stukov Infantry Armor Level 2  
  110  10:27  Retinal Augmentation  
  110  10:28  Plagued Munitions  
  109  10:37  Infested SCV  
  109  10:38  Infested SCV x3  
  109  10:39  Infested SCV  
  114  10:50  Infested SCV x3  
  114  10:51  Infested SCV x2  
  82  11:05  Infested Marine  
  82  11:06  Infested Marine x18  
  82  11:07  Infested Marine  
  82  11:08  Infested Marine  
  82  11:09  Infested Marine  
  104  11:24  Infested SCV  
  104  11:25  Infested SCV  
  104  11:26  Infested SCV  
  104  11:27  Infested SCV  
  79  11:52  Aggressive Incubation  
  79  12:02  Overlord  
  79  12:03  Overlord x4  
  79  12:22  Infested Marine  
  79  12:23  Infested Marine x11  
  79  12:24  Infested Marine x21  
  79  12:25  Infested Marine x19  
  79  12:26  Infested Marine  
  110  12:51  Unknown  
  110  12:58  Infested Barracks x2  
  110  13:01  Infested Barracks x2  
  110  13:12  Infested Marine  
  110  13:13  Infested Marine x11  
  110  13:14  Infested Marine x20  
  110  13:15  Infested Marine x2  
  110  13:16  Infested Marine  
  110  13:17  Infested Marine  
  110  13:18  Infested Marine  
  147  13:37  Stukov Infantry Armor Level 3, Stukov Infantry Weapons Level 3  
  144  13:48  Infested Marine x6  
  144  13:49  Infested Marine x15  
  164  13:50  Infested Marine x2  
  164  13:51  Infested Marine  
  164  13:52  Infested Marine x2  
  164  13:53  Infested Marine  
  164  13:56  Infested Marine  
  164  13:57  Infested Marine x5  
  164  13:58  Infested Marine  
  164  13:59  Infested Marine x2  
  124  14:10  Overlord  
  124  14:11  Overlord  
  124  14:15  Overlord  
  93  14:23  Infested Marine x7  
  93  14:24  Infested Marine x10  
  93  14:25  Infested Marine x2  
  88  14:50  Infested Marine  
  88  14:51  Infested Marine x15  
  88  14:52  Infested Marine x21  
  88  14:53  Infested Marine x5  
  88  14:54  Infested Marine x2  
  88  14:55  Infested Marine  
  130  15:11  Infested Marine x3  
  130  15:12  Infested Marine x20  
  130  15:13  Infested Marine x4  
  130  15:14  Infested Marine x2  
  130  15:15  Infested Marine  
  158  15:21  Infested Marine x6  
  158  15:22  Infested Marine x5  
  158  15:23  Infested Marine x2  
  154  15:42  Infested Marine x7  
  154  15:43  Infested Marine x21  
  154  15:44  Infested Marine x3  
  154  15:45  Infested Marine x2  
  154  15:46  Infested Marine x2  
  154  15:47  Infested Marine  
  154  15:48  Infested Marine  
  154  15:49  Infested Marine x2  
  193  15:50  Infested Marine  
  193  15:55  Infested Marine x5  
  193  15:56  Infested Marine  
  187  16:01  Overseer x2  
  187  16:06  Overlord  
  187  16:09  Overlord  
  183  16:15  Infested Marine  
  183  16:16  Infested Marine x12  
  183  16:17  Infested Marine x2  
  183  16:18  Infested Marine  
  183  16:19  Infested Marine x2  
  199  16:20  Infested Marine  
  199  16:21  Infested Marine x2  
  199  16:22  Infested Marine  
  148  16:46  Infested Marine x6  
  148  16:47  Infested Marine x21  
  148  16:48  Infested Marine x3  
  108  17:44  Infested Marine  
  108  17:45  Infested Marine x14  
  108  17:46  Infested Marine x20  
  108  17:47  Infested Marine x20  
  162  17:54  Infested Marine  
  162  17:55  Infested Marine x13  
  162  17:56  Infested Marine x21  
  162  17:57  Infested Marine x21  
  162  17:58  Infested Marine x4  
  162  17:59  Infested Marine  
  195  18:02  Infested Marine  
  195  18:03  Infested Marine x4  
  195  18:09  Infested Marine  
  198  18:24  Infested Marine  
  198  18:25  Infested Marine x18  
  198  18:26  Infested Marine x2  
  200  18:39  Broodling Gestation  
  194  19:20  Infested Marine  
  194  19:21  Infested Marine x16  
  194  19:22  Infested Marine x23  
  194  19:23  Infested Marine x17  
  199  19:35  Infested Marine x2  
  199  19:36  Infested Marine x21  
  199  19:37  Infested Marine x11  
  199  19:38  Infested Marine x2  
  199  19:39  Infested Marine x2  
  169  19:40  Infested Marine  
  169  19:41  Infested Marine x2  
  170  19:56  Infested Marine  
  170  19:57  Infested Marine x12  
  173  20:09  Anaerobic Enhancement, Infested Marine  
  169  20:10  Infested Marine x7  
  169  20:11  Infested Marine x21  
  169  20:12  Infested Marine x3  
  186  20:43  Infested Marine  
  186  20:44  Infested Marine x10  
  186  20:45  Infested Marine x18  
  186  20:46  Infested Marine x4  
  186  20:47  Infested Marine x10  
  186  20:48  Infested Marine x2  
  186  20:49  Infested Marine x2  
  200  20:50  Infested Marine  
  200  20:55  Infested Marine  
  200  20:56  Infested Marine x12  
  200  20:57  Infested Marine x7  
  164  21:05  Infested Marine  
  164  21:06  Infested Marine x13  
  164  21:07  Infested Marine x2  
  164  21:08  Infested Marine x2  
  164  21:09  Infestation Level 1, Infested Marine  
  180  21:10  Infested Marine  
  180  21:11  Infested Marine x2  
  156  21:35  Infested Marine  
  156  21:36  Infested Marine x13  
  156  21:37  Infested Marine x22  
  156  21:38  Infested Marine x4  
  156  21:39  Infested Marine x2  
  194  21:43  Overlord  
  194  21:49  Overlord  
  188  21:52  Infested Marine  
  188  21:53  Infested Marine x7  
  188  21:54  Infested Marine x2  
  188  21:55  Infested Marine  
  188  21:56  Infested Marine  
  188  21:57  Infested Marine  
  191  22:20  Overseer  
  191  22:21  Overseer  
  191  22:28  Infested Marine  
  191  22:29  Infested Marine x13  
  165  22:30  Infested Marine x20  
  165  22:31  Infested Marine x12  
  165  22:32  Infested Marine  
  153  22:59  Infested Marine x3  
  156  23:00  Infested Marine x20  
  156  23:01  Infested Marine x18  
  156  23:02  Infested Marine x5  
  156  23:07  Infested Marine  
  151  23:44  Infested Marine  
  151  23:45  Infested Marine x12  
  151  23:46  Infested Marine x21  
  151  23:47  Infested Marine x15  
Tags
 
Commander
StukovSwann
Matchup
Co-op
Replay Pack
Multiplayer
Add a new tag
Caveats
  • Supply blocks, unpowered buildings, or Contaminate may cause inaccurate times.
  • Supply counts are checked every 10 seconds.